AoeStats
← 88mirko88

MegaRandom

506720350Analyzed
2v2 RM · 17d ago on Sep 14, 2026· 17m 24s· 4 players
Game mode
Random Map
Map size
Medium (4 player)
Population
200
Speed
Normal
Resources
Standard
Victory
Conquest
Starting age
Dark Age
Ending age
Imperial Age
RankedLock teamsTeams togetherTeam positionsShared explorationLock speedFull tech treeHidden civsTurbo modeCheats
Victory
Defeat
🇬🇷 Sicilians · Greece
1008
+14
🇪🇸 Romans · Spain
976
+16
🇫🇷 Malay · France
1000
-16
🇮🇹 Sicilians · Italy
936
-36
CaptainFlam
4:19 Loom
12:01 Feudal Age
16:01 Castle Age
14:07 Horse Collar
14:17 Double-Bit Axe
15:07 Fletching
aLaNi
0:43 Loom
10:16 Feudal Age
10:53 Double-Bit Axe
10:52 Horse Collar
88mirko88
1:37 Loom
12:31 Feudal Age
Blast
0:46 Loom
11:01 Feudal Age
12:27 Double-Bit Axe
18:15 Castle Age
Connection lost

Rejoining the realm…

Still unreachable

The connection could not be restored.

Session expired

The server has moved on; the page needs a fresh start.